 Dungeon Sprint DCSS version 0.31-a0-702-gf82c85558f (webtiles) character file.

Game seed: 12609395743088320706

7048 sircluck the Brawler (level 10, -1/117 (119) HPs)
             Began as a Troll Berserker on Sept 8, 2023.
             Was the Champion of Trog.
             Constricted to death by a nagaraja (5 damage)
             ... in the Dungeon (Sprint VII: "The Pits").
             The game lasted 00:04:25 (660 turns).

sircluck the Brawler (Troll Berserker)               Turns: 660, Time: 00:04:25

HP:   -1/117 (119)  AC:  7    Str: 31    XL:     10   Next: 83%
MP:   9/9           EV: 13    Int:  3    God:    Trog [******]
Gold: 0             SH:  0    Dex:  9    Spells: 9/9 levels left

rFire   . .          .
                       - Unarmed
rCold   . . .        (no shield)
rNeg    . . .        a - +0 animal skin
rPois   .            (helmet restricted)
rElec   .            (no cloak)
rCorr   .            (gloves unavailable)
SInv    .            (boots unavailable)
Will    .....        (no amulet)
Stlth   +            g - +3 ring of evasion
HPRegen 1.19/turn    j - +3 ring of protection
MPRegen 0.11/turn

%: no teleportation
@: untranslocatable, constricted, lightly drained
A: large, unfitting armour, claws 3, regeneration 1, shaggy fur 1, tough skin 1
a: Renounce Religion, Berserk, Trog's Hand, Brothers in Arms


You were in the Dungeon.
You worshipped Trog.
Trog was exalted by your worship.
You visited 1 branch

Inventory:

Armour
 a - a +0 animal skin (worn)
Jewellery
 g - a +3 ring of evasion (left claw)
 j - a +3 ring of protection (right claw)
Scrolls
 i - 2 scrolls of vulnerability
Potions
 b - 6 potions of curing
 c - 6 potions of heal wounds
 d - 2 potions of haste
 e - 4 potions of magic
 f - 4 potions of berserk rage
 h - 2 potions of invisibility
 k - a potion of mutation
 l - a potion of brilliance


   Skills:
 + Level 13.3 Fighting
 + Level 13.1 Dodging
 + Level 15.4 Unarmed Combat


You had 9 spell levels left.
You didn't know any spells.
Your spell library was empty.

Dungeon Overview and Level Annotations

Branches:
Dungeon (1/1)

Altars:
Ashenzari
Cheibriados
Dithmenos
Elyvilon
Fedhas
Gozag
Hepliaklqana
Kikubaaqudgha
Makhleb
Nemelex Xobeh
Okawaru
Qazlal
Ru
Sif Muna
Trog
Uskayaw
Vehumet
Wu Jian
Xom
Yredelemnul
Zin
The Shining One
Jiyva
Lugonu


Innate Abilities, Weirdness & Mutations

You are too large for most types of armour.
You have claws for hands.
Your natural rate of healing is unusually fast.
You are covered in fur. (AC +1)
You have tough skin. (AC +1)


Message History

You feel very sick. The nagaraja completely misses you. The nagaraja grabs you.
The nagaraja constricts you.
You barely miss the nagaraja.
You feel sick. The nagaraja misses you. The nagaraja constricts you.
You completely miss the nagaraja.
You feel sick.
The nagaraja gestures at you while chanting.
The bolt of poison hits you!
You are more poisoned.
The nagaraja constricts you.
You are too injured to fight recklessly!
You are too injured to fight recklessly!
You are too injured to fight recklessly!
You are too injured to fight recklessly!
You are too injured to fight recklessly!
You are too injured to fight recklessly!
You scratch the nagaraja but do no damage.
You feel very sick.
The nagaraja gestures at you while chanting.
You feel more firmly anchored in space. The nagaraja constricts you.
You closely miss the nagaraja.
You feel very sick. The nagaraja spits poison at you.
The splash of poison misses you. The nagaraja constricts you.
* * * LOW HITPOINT WARNING * * *
You eviscerate the nagaraja!!! Your claw misses the nagaraja.
The nagaraja is heavily wounded.
You feel very sick.
The nagaraja hits you with a +0 halberd!
* * * LOW HITPOINT WARNING * * *
The nagaraja constricts you.
* * * LOW HITPOINT WARNING * * *
The nagaraja points at you and mumbles some strange words.
The bolt of poison misses you. The nagaraja constricts you.
* * * LOW HITPOINT WARNING * * *
You feel better.
The nagaraja hits you with a +0 halberd!
* * * LOW HITPOINT WARNING * * *
The nagaraja constricts you.
You die...

...##.)####.....##.##
...##...##......#.).#
#####...))......+...+
#####...##......#...#
.[[##..####.....##.##
.[[##..##.##...##.))##
.))##..##..##.##.....#...
.))##..# #.†#+#..N.†..†.#
.))##..# ##.....@###...##
######## ######## ####


You could see a nagaraja (fast, catching breath).

Vanquished Creatures
  A merfolk siren (D)
  A smoke demon (D)
  An unseen horror (D)
  A yak (D)
  A wraith (D)
  A steam dragon (D)
  A redback (D)
  2 hell hounds (D)
  A floating eye (D)
  2 sky beasts (D)
  4 wolves (D)
  A phantom (D)
  A scorpion (D)
  A killer bee (D)
  A hound (D)
  An orc priest (D)
  An iron imp (D)
  An orc wizard (D)
  A hell rat (D)
  A gnoll (D)
  An adder skeleton (D)
  3 orcs (D)
  A ball python (D)
  2 giant cockroaches (D)
  A goblin (D)
  2 hobgoblins (D)
  A jackal (D)
  A kobold (D)
  A quokka (D)
  A giant cockroach zombie (D)
  A quokka zombie (D)
  3 rats (D)
43 creatures vanquished.

Vanquished Creatures (collateral kills)
  A nagaraja (D)
  A two-headed ogre (D)
  A swamp dragon (D)
  An orc knight (D)
  An orc sorcerer (D)
  An orange demon (D)
  An ice devil (D)
  A warg (D)
  A hell hound (D)
  2 orc warriors (D)
  4 wolves (D)
  5 killer bees (D)
  2 orc priests (D)
  2 orc wizards (D)
  3 orcs (D)
  A jackal (D)
28 creatures vanquished.

Grand Total: 71 creatures vanquished

Notes
Turn   | Place    | Note
-------+----------+-------------------------------------------
     0 | D        | sircluck the Troll Berserker began the quest for the Orb.
     0 | D        | Reached XP level 1. HP: 22/22 MP: 0/0
    12 | D        | Noticed a hound
    26 | D        | Noticed a floating eye
    31 | D        | Killed a floating eye
    32 | D        | Reached skill level 5 in Unarmed Combat
    32 | D        | Reached XP level 2. HP: 33/33 MP: 1/1
    32 | D        | Reached XP level 3. HP: 41/41 MP: 2/2
    32 | D        | Reached XP level 4. HP: 49/49 MP: 3/3
    55 | D        | Found a bloodstained altar of Trog.
    55 | D        | Found a shimmering blue altar of Sif Muna.
    55 | D        | Found a viscous altar of Jiyva.
    55 | D        | Found a hazy altar of Hepliaklqana.
    55 | D        | Found an opulent altar of Gozag.
    56 | D        | Found a glowing golden altar of the Shining One.
    56 | D        | Found a glowing silver altar of Zin.
    56 | D        | Found a basalt altar of Yredelemnul.
    56 | D        | Found a shimmering altar of Xom.
    56 | D        | Found an ornate altar of the Wu Jian Council.
    56 | D        | Found a sacrificial altar of Ru.
    56 | D        | Found a stormy altar of Qazlal.
    56 | D        | Found an iron altar of Okawaru.
    56 | D        | Found a sparkling altar of Nemelex Xobeh.
    56 | D        | Found a burning altar of Makhleb.
    56 | D        | Found a blossoming altar of Fedhas.
    56 | D        | Found a white marble altar of Elyvilon.
    56 | D        | Found a shadowy altar of Dithmenos.
    56 | D        | Found a snail-covered altar of Cheibriados.
    66 | D        | Reached ** piety under Trog
    73 | D        | Reached skill level 5 in Fighting
    74 | D        | Reached skill level 5 in Dodging
    74 | D        | Reached skill level 6 in Unarmed Combat
    80 | D        | Reached *** piety under Trog
   130 | D        | Noticed a wolf
   130 | D        | Noticed a phantom
   132 | D        | Noticed a wolf
   144 | D        | Killed a wolf
   145 | D        | Reached skill level 7 in Unarmed Combat
   145 | D        | Reached XP level 5. HP: 56/59 MP: 4/4
   149 | D        | Killed a phantom
   150 | D        | Reached XP level 6. HP: 64/68 MP: 5/5
   158 | D        | Reached **** piety under Trog
   159 | D        | Reached skill level 8 in Unarmed Combat
   173 | D        | Reached ***** piety under Trog
   212 | D        | Noticed a sky beast
   217 | D        | Killed a sky beast
   218 | D        | Reached skill level 9 in Unarmed Combat
   239 | D        | Noticed a yak
   245 | D        | Killed a yak
   246 | D        | Reached XP level 7. HP: 64/80 MP: 6/6
   255 | D        | Reached skill level 10 in Unarmed Combat
   257 | D        | Received a gift from Trog
   277 | D        | Reached ****** piety under Trog
   296 | D        | Reached XP level 8. HP: 39/92 MP: 7/7
   298 | D        | Reached skill level 11 in Unarmed Combat
   303 | D        | Received a gift from Trog
   418 | D        | Found a radiant altar of Vehumet.
   418 | D        | Found a corrupted altar of Lugonu.
   419 | D        | Found a hide-covered altar of Uskayaw.
   419 | D        | Found an ancient bone altar of Kikubaaqudgha.
   419 | D        | Found a broken altar of Ashenzari.
   462 | D        | Reached skill level 10 in Fighting
   491 | D        | Killed an unseen horror
   491 | D        | Received a gift from Trog
   492 | D        | Reached skill level 10 in Dodging
   492 | D        | Reached skill level 12 in Unarmed Combat
   492 | D        | Reached XP level 9. HP: 76/102 MP: 8/8
   527 | D        | Noticed a swamp dragon
   527 | D        | Noticed an orange demon
   527 | D        | Noticed an ice devil
   527 | D        | Noticed an orc knight
   527 | D        | Noticed a two-headed ogre
   537 | D        | Killed an orange demon
   539 | D        | Killed an ice devil
   540 | D        | Reached skill level 13 in Unarmed Combat
   542 | D        | Killed a two-headed ogre
   543 | D        | Killed an orc knight
   547 | D        | Killed a swamp dragon
   548 | D        | Reached skill level 14 in Unarmed Combat
   548 | D        | Reached XP level 10. HP: 91/115 MP: 9/9
   549 | D        | Received a gift from Trog
   582 | D        | Noticed a smoke demon
   584 | D        | Killed a smoke demon
   586 | D        | Noticed a merfolk siren
   589 | D        | Killed a merfolk siren
   592 | D        | Received a gift from Trog
   615 | D        | Noticed a nagaraja
   617 | D        | Noticed an orc sorcerer
   627 | D        | Killed an orc sorcerer
   628 | D        | Killed a nagaraja
   628 | D        | Received a gift from Trog
   629 | D        | Reached skill level 15 in Unarmed Combat
   649 | D        | Noticed a nagaraja
   660 | D        | HP: 4/117 [nagaraja/+0 halberd (10)]
   660 | D        | Constricted to death by a nagaraja

Illustrated notes

Levels and vault maps discovered:
D:        pitsprint [storerooms_1, entrance_room_1, metal_vault_3, armoury_3,
          mini_pit_1, grid_room_1, main_hall_1, silver_pit, the_coven_1,
          the_vestibule_1, steel_vault_2, golden_pit, hallway_of_sentries,
          crystal_vault_2, iron_vault_1, final_vault]

Skill      XL: |  1  2  3  4  5  6  7  8  9 10 |
---------------+-------------------------------+-----
Fighting       | 4 6 8 9 10 12 13 | 13.3
Dodging        | 4 6 8 9 10 11 13 | 13.1
Unarmed Combat | 5 7 9 10 12 14 15 | 15.4

Action                     |  1- 3 |  4- 6 |  7- 9 | 10-12 || total
---------------------------+-------+-------+-------+-------++-------
  Melee: Unarmed           |     4 |    59 |    41 |    25 ||   129
         Punch             |     1 |     2 |     2 |       ||     5
 Invoke: Berserk           |       |     1 |       |       ||     1
         Brothers in Arms  |       |       |     3 |     1 ||     4
    Use: Potion            |       |     1 |     4 |     1 ||     6
         Scroll            |       |       |     2 |       ||     2
 Armour: Animal skin       |       |    37 |    59 |    12 ||   108
  Dodge: Dodged            |       |    20 |    34 |    16 ||    70

Table legend: (Time is in decaauts)
 A = Elapsed time spent in this place.
 B = Non-inter-level travel time spent in this place.
 C = Inter-level travel time spent in this place.
 D = Time resting spent in this place.
 E = Time spent auto-exploring this place.
 F = Levels seen in this place.
 G = Mean time per level.
                   A        B        C        D        E       F      G
               +--------+--------+--------+--------+--------+-----+--------+
         Total |    642 |    552 |     90 |     30 |     75 |   1 |  642.0 |
       Dungeon |    642 |    552 |     90 |     30 |     75 |   1 |  642.0 |
               +--------+--------+--------+--------+--------+-----+--------+

Top non-repeatable levels by time:
       D: 642 daAuts
